 Dungeon Crawl Stone Soup version 0.20.1-1-g8b1a95d (webtiles) character file.

1957 Monsterracer the Destroyer (level 8, -3/57 HPs)
             Began as a White Draconian Fire Elementalist on July 12, 2017.
             Was a Follower of Vehumet.
             Slain by a yak (14 damage)
             ... on level 7 of the Dungeon.
             The game lasted 00:20:07 (8004 turns).

Monsterracer the Destroyer (DrFE)                   Turns: 8004, Time: 00:20:08

Health: -3/57      AC:  9    Str: 11    XL:     8   Next: 99%
Magic:  1/16       EV: 12    Int: 20    God:    Vehumet [*.....]
Gold:   288        SH:  0    Dex: 11    Spells: 3/17 levels left

rFire    + . .     SeeInvis .   c - +2 short sword (speed)
rCold    . . .     Gourm    .   (no shield)
rNeg     . . .     Faith    .   (armour unavailable)
rPois    .         Spirit   .   (helmet restricted)
rElec    .         Reflect  .   (no cloak)
rCorr    .         Harm     .   (no gloves)
MR       .....                  p - +2 pair of boots
Stlth    ++........             (no amulet)
Regen    0.2/turn               n - ring of fire
MPRegen  0.2/turn               z - +2 ring of intelligence

@: no status effects
A: breathe frost, unfitting armour, cold resistance 1, cold-blooded, AC +6
a: Breathe Frost, Renounce Religion


You were on level 7 of the Dungeon.
You worshipped Vehumet.
Vehumet was aware of your devotion.
You were very hungry.

You visited 1 branch of the dungeon, and saw 7 of its levels.

You collected 288 gold pieces.

Inventory:

Hand Weapons
 c - a +2 short sword of speed (weapon)
 x - a +0 quarterstaff
Missiles
 t - 2 throwing nets (quivered)
Armour
 p - a +2 pair of boots (worn)
Jewellery
 n - a ring of fire (left hand)
 w - an uncursed ring of protection from cold
 z - a +2 ring of intelligence (right hand)
Wands
 o - a wand of confusion (37/48)
Scrolls
 g - a scroll of enchant armour
 h - 8 scrolls of remove curse
 j - 2 scrolls of fog
 k - a scroll of recharging
 q - 7 scrolls of identify
 s - 3 scrolls of enchant weapon
 v - a scroll of magic mapping
Potions
 d - a potion of flight {unknown}
 e - a potion of heal wounds {unknown}
 i - 2 potions of lignification {unknown}
 l - 3 potions of magic {unknown}
 m - 2 potions of degeneration {unknown}
 u - a potion of cancellation {unknown}
 B - 2 potions of resistance {unknown}
Books
 a - a book of Flames

   Spells                             Type                      Level
   a - Flame Tongue                   Conjuration/Fire             1
   b - Throw Flame                    Conjuration/Fire             2
   c - Conjure Flame                  Conjuration/Fire             3
   d - Inner Flame                    Hexes/Fire                   3
   e - Sticky Flame                   Conjuration/Fire             4
   f - Fireball                       Conjuration/Fire             5
Comestibles
 b - 2 bread rations
 f - 6 meat rations
 r - 2 royal jellies


   Skills:
 - Level 1.7 Dodging
 - Level 1.7 Stealth
 + Level 5.4 Spellcasting
 * Level 8.0 Conjurations
 + Level 6.0 Fire Magic


You had 3 spell levels left.
You knew the following spells:

 Your Spells              Type           Power        Failure   Level  Hunger
a - Flame Tongue          Conj/Fire      #####        1%          1    None
b - Conjure Flame         Conj/Fire      ######..     1%          3    ##.....
c - Sticky Flame          Conj/Fire      ######..     6%          4    ####...
d - Fireball              Conj/Fire      ######....   17%         5    #####..
e - Magic Dart            Conj           ####         1%          1    None


Dungeon Overview and Level Annotations

Branches:
Dungeon (7/15)             Temple (0/1) D:5

Altars:
Cheibriados
Elyvilon
Fedhas
Gozag
Qazlal
Ru
Vehumet
The Shining One


Innate Abilities, Weirdness & Mutations

You can breathe waves of freezing cold.
You can buffet flying creatures when you breathe cold.
Your icy white scales are hard. (AC +6)
You cannot fit into any form of body armour.
Your flesh is cold resistant. (rC+)
You are cold-blooded and may be slowed by cold attacks.


Message History

Confirm with . or Enter, or press ? or * to list all spells.
Aiming: Flame Tongue
Press: ? - help, Shift-Dir - straight line, f - yak
Aim: a yak (severely wounded)
You feel a surge of power!
The flame tongue hits the yak.
You kill the yak!
Vehumet accepts your kill.
Your Conjurations skill increases to level 8!
Your Fire Magic skill increases to level 6!
* * * LOW MAGIC WARNING * * *
Casting: Flame Tongue
Confirm with . or Enter, or press ? or * to list all spells.
Aiming: Flame Tongue
Press: ? - help, Shift-Dir - straight line, f - yak
Aim: a yak You feel a surge of power!
The flame tongue hits the yak.
The yak is lightly wounded.
* * * LOW MAGIC WARNING * * *
The yak gores you!
You die...

#.......<##.#.#
#......#.##...#
#......#....#.#
#<.....#..#.#.#
..........#...#
#........##..#######
######.#.....%)..%%#
# ###.#.##..#†.Y.%#
# #.........###@###
# #.#.#.#...#.....#
####.#.#.....#.....#
#......#.#...#######
...................
####.#.#..........
####.#.###....#.##
..............#.#
..............# #


You could see a yak.

Vanquished Creatures
  2 hogs (D:7)
  A human (D:7)
  A yak (D:7)
  A water moccasin (D:6)
  An ice beast (D:7)
  An orc warrior (D:6)
  An ogre (D:5)
  A bullfrog (D:6)
  A wyvern skeleton (D:6)
  2 scorpions (D:5)
  2 crimson imps
  A bullfrog zombie (D:6)
  3 orc priests
  A hound (D:4)
  3 orc wizards (D:6)
  A gnoll shaman (D:5)
  2 iguanas
  3 worker ants
  2 hound skeletons
  A worker ant zombie (D:6)
  7 adders
  11 gnolls
  An ooze (D:4)
  2 adder zombies
  2 adder skeletons (D:5)
  2 worms
  4 dart slugs
  4 leopard geckos
  11 orcs
  11 bats
  A bat zombie (D:1)
  4 giant cockroaches
  12 goblins
  7 hobgoblins
  25 jackals
  3 frilled lizards
  8 kobolds
  6 rats
152 creatures vanquished.

Notes
Turn   | Place    | Note
-------+----------+-------------------------------------------
     0 | D:1      | Monsterracer the Draconian Fire Elementalist began the quest for the Orb.
     0 | D:1      | Reached XP level 1. HP: 14/14 MP: 3/3
   352 | D:1      | Reached XP level 2. HP: 18/20 MP: 5/5
   604 | D:1      | Reached skill level 2 in Conjurations
   607 | D:1      | Reached XP level 3. HP: 21/26 MP: 3/6
   619 | D:1      | Learned a level 3 spell: Conjure Flame
  1676 | D:2      | Reached XP level 4. HP: 33/33 MP: 3/7
  1682 | D:2      | Learned a level 4 spell: Sticky Flame
  2277 | D:2      | Reached skill level 3 in Conjurations
  2628 | D:3      | Reached XP level 5. HP: 38/38 MP: 8/8
  3843 | D:3      | Reached skill level 5 in Fire Magic
  3843 | D:3      | Reached XP level 6. HP: 38/45 MP: 2/10
  3969 | D:4      | Found a snail-covered altar of Cheibriados.
  4036 | D:4      | Found a radiant altar of Vehumet.
  4046 | D:4      | Became a worshipper of Vehumet
  4074 | D:4      | Reached skill level 4 in Conjurations
  4721 | D:5      | Entered Level 5 of the Dungeon
  5309 | D:5      | Your scales start taking on an icy white colour.
  5309 | D:5      | Reached XP level 7. HP: 50/50 MP: 5/12
  5309 | D:5      | Gained mutation: Your flesh is cold resistant. (rC+) [White Draconian growth]
  5515 | D:5      | Reached skill level 5 in Conjurations
  5533 | D:5      | Found a staircase to the Ecumenical Temple.
  5833 | D:5      | Found a blossoming altar of Fedhas.
  6082 | D:6      | Found a white marble altar of Elyvilon.
  6161 | D:6      | Reached skill level 5 in Fire Magic
  6189 | D:6      | Learned a level 5 spell: Fireball
  6687 | D:6      | Reached skill level 6 in Conjurations
  6820 | D:6      | Reached XP level 8. HP: 57/57 MP: 8/14
  6965 | D:6      | Found a glowing golden altar of the Shining One.
  6965 | D:6      | Found a sacrificial altar of Ru.
  6970 | D:6      | Found a faded altar of an unknown god.
  6972 | D:6      | Found a faded altar of an unknown god.
  6974 | D:6      | Found a stormy altar of Qazlal.
  7670 | D:7      | Reached * piety under Vehumet
  7670 | D:7      | Offered knowledge of Magic Dart by Vehumet.
  7673 | D:7      | Learned a level 1 spell: Magic Dart
  7790 | D:7      | Reached skill level 7 in Conjurations
  7948 | D:7      | Found an opulent altar of Gozag.
  7979 | D:7      | Reached skill level 5 in Spellcasting
  8003 | D:7      | Reached skill level 8 in Conjurations
  8004 | D:7      | Slain by a yak

Skill      XL: |  1  2  3  4  5  6  7  8 |
---------------+-------------------------+-----
Conjurations   | 2 3 4 6 8 |  8.0
Fire Magic     | 4 5 4 5 6 |  6.0
Spellcasting   | 3 4 5 |  5.4
Dodging        | |  1.7
Stealth        | |  1.7

Action                   |  1- 3 |  4- 6 |  7- 9 || total
-------------------------+-------+-------+-------++-------
Melee: Unarmed           |    18 |       |       ||    18
       Short sword       |    89 |   191 |    76 ||   356
       Tailslap          |     8 |    18 |    10 ||    36
Throw: Throwing net      |       |       |     2 ||     2
 Cast: Flame Tongue      |    32 |   115 |    96 ||   243
       Conjure Flame     |     1 |    11 |     7 ||    19
       Sticky Flame      |       |     1 |     4 ||     5
       Magic Dart        |       |       |     5 ||     5
       Fireball          |       |       |     2 ||     2
Evoke: Wand              |       |       |     4 ||     4
  Use: Scroll            |       |     9 |       ||     9
 Stab: Sleeping          |     4 |     3 |       ||     7
       Distracted        |       |     1 |       ||     1
       Held in net/web   |       |       |     1 ||     1
  Eat: Chunk             |     3 |    13 |    10 ||    26
Armor: Skin              |    44 |    73 |    24 ||   141
Dodge: Dodged            |    88 |   115 |    45 ||   248
